 Dungeon Crawl Stone Soup version 0.17-a0-1738-g82cdc46 (webtiles) character file.

10451 esc the Grappler (level 11, -6/62 HPs)
             Began as a Vine Stalker Berserker on Aug 30, 2015.
             Was a High Priest of Trog.
             Mangled by a white ugly thing (28 damage)
             ... on level 12 of the Dungeon.
             The game lasted 00:31:56 (8113 turns).

esc the Grappler (Vine Stalker Berserker)           Turns: 8113, Time: 00:31:56

Health: -6/62      AC: 14    Str: 23    XL:     11   Next: 62%
Magic:  0/12       EV: 17    Int:  7    God:    Trog [*****.]
Gold:   354        SH:  0    Dex: 16    Spells: 0 memorised, 10 levels left

rFire  . . .     SeeInvis .       - Unarmed
rCold  . . .     Clarity  +     H - +3 leather armour {rPois}
rNeg   + . .     SustAt   .     (no shield)
rPois  +         Gourm    +     (no helmet)
rElec  .         Spirit   +     Q - +2 cloak
rCorr  .         Warding  .     v - +2 pair of gloves
rMut   .         Stasis   .     (no boots)
MR     ++...                    B - amulet of the gourmand {Gourm, !d}
Stlth  +.........               F - ring of positive energy {rN+}
                                p - +2 ring of strength

@: exhausted, slowed, very slow, very resistant to hostile enchantments, very
unstealthy
A: fangs 3, clarity, magic resistance 1, regeneration 2, shaggy fur 1, magic
shield, antimagic bite, no device heal 3, rot immunity
a: Burn Spellbooks, Berserk, Trog's Hand, Brothers in Arms, Renounce Religion


You were on level 12 of the Dungeon.
You worshipped Trog.
Trog was extremely pleased with you.
You were completely stuffed.

You visited 1 branch of the dungeon, and saw 13 of its levels.
You also visited: Bailey.

You collected 529 gold pieces.
You spent 175 gold pieces at shops.

Inventory:

Hand weapons
 q - a +1 hunting sling of flaming
   (You took it off a goblin on level 2 of the Dungeon)
 O - a +2 dagger of venom
   (You took it off a kobold on level 13 of the Dungeon)
Missiles
 e - 9 poisoned needles
 t - 4 exploding tomahawks (quivered)
 x - 10 tomahawks
 M - 4 javelins
 R - a throwing net {=f, !d}
Armour
 v - a +2 pair of gloves (worn)
   (You bought it in a shop on level 10 of the Dungeon)
 H - a +3 leather armour of poison resistance (worn)
   (You bought it in a shop on level 10 of the Dungeon)
 Q - a +2 cloak (worn)
   (You took it off Maurice on level 8 of the Dungeon)
Jewellery
 p - a +2 ring of strength (left hand)
   (You found it on level 2 of the Dungeon)
 w - an uncursed ring of invisibility {+Inv, !d}
   (You found it on level 9 of the Dungeon)
 z - an uncursed ring of fire {rF+, rC-}
   (You found it on level 9 of the Dungeon)
 A - the ring of Compulsion {Ice +Blink Int+7 Slay-4}
   (You found it on level 4 of the Dungeon)

   [ring of ice]

   It enhances your ice magic, and weakens your fire magic.
   It affects your intelligence (+7).
   It affects your accuracy and damage with ranged weapons and melee attacks
   (-4).
   It makes you vulnerable to fire.
   It protects you from cold.
   It lets you blink.
 B - an amulet of the gourmand (around neck) {Gourm, !d}
   (You found it on level 4 of the Dungeon)
 F - a ring of positive energy (right hand) {rN+}
   (You found it on level 5 of the Dungeon)
Magical devices
 a - a wand of confusion (19)
   (You found it on level 10 of the Dungeon)
 f - a wand of cold (4)
   (You found it on level 8 of the Dungeon)
 r - a wand of polymorph (12)
   (You found it on level 10 of the Dungeon)
 y - a wand of disintegration (11)
   (You found it on level 4 of the Dungeon)
 E - a wand of slowing (18)
   (You took it off an orc on level 5 of the Dungeon)
 G - a wand of enslavement (8)
   (You found it on level 7 of the Dungeon)
 I - a wand of digging (13)
   (You found it on level 10 of the Dungeon)
 N - a wand of fireball (8)
   (You found it on level 7 of the Dungeon)
 S - a wand of fire (7)
   (You took it off Maurice on level 8 of the Dungeon)
Scrolls
 c - 5 scrolls of identify
 g - 4 scrolls of remove curse
 j - a scroll of recharging
 D - a scroll of fear
 J - 3 scrolls of enchant weapon
 K - a scroll of blinking {!r}
Potions
 h - 3 potions of cancellation
 l - 2 potions of flight
 n - 2 potions of curing
 s - 6 potions of haste
 u - 3 potions of magic
 C - 2 potions of might
 L - a potion of resistance
 P - a potion of berserk rage {!q}
Comestibles
 b - 11 bread rations {@e1}
 d - 8 meat rations {@e2}
 i - 8 chunks of flesh {@w0}
 k - 7 fruits
 m - 10 beef jerkies
 o - 2 slices of pizza


   Skills:
 + Level 9.1 Fighting
 + Level 7.8 Armour
 + Level 8.1 Dodging
 + Level 10.0 Unarmed Combat


You had 10 spell levels left.
You didn't know any spells.

Dungeon Overview and Level Annotations

Branches:
Dungeon (13/15)            Temple (0/1) D:7            Lair (0/8) D:8
    Orc: D:9-12      Vaults: D:13-14

Altars:
Ashenzari
Cheibriados
Dithmenos
Elyvilon
Fedhas
Gozag
Makhleb
Nemelex Xobeh
Qazlal
Sif Muna
Trog
Vehumet
Xom
Yredelemnul
Zin
The Shining One

Shops:
D:6 }   D:10 [


Innate Abilities, Weirdness & Mutations

You have razor-sharp teeth.
You heal very quickly.
When hurt, damage is shared between your health and your magic reserves.
Your bite disrupts and absorbs the magic of your enemies.
Potions and wands cannot restore your health.
You are immune to rotting.
You possess an exceptional clarity of mind.
You are resistant to hostile enchantments.
You are covered in fur (AC +1).


Message History

The centaur hits you. The centaur barely misses you.
The centaur unwields an uncursed shortbow.
The centaur barely misses you.
You see here a hand axe.
You take 3 damage, and have 89/93 hp.
You punch the centaur! x2
You bite the centaur. You drain its power.
You kill the centaur!
Trog accepts your kill. The centaur hits you.
You take 3 damage, and have 86/93 hp.
You now have 11/12 mp.
You punch the centaur! You bite the centaur. You drain its power.
You feel invigorated.
You kill the centaur!
Trog accepts your kill. The centaur closely misses you.
The cyclops throws a large rock.
The large rock completely misses you.
MP restored: 12 You barely miss the centaur.
Your bite misses the centaur.
The centaur wields a shortbow.
The centaur shoots an arrow.
The arrow misses you.
The centaur hits you but does no damage.
You pummel the centaur!! Your bite misses the centaur.
The cyclops throws a large rock.
The large rock hits you!!
You take 18 damage, and have 70/93 hp.
You now have 9/12 mp.
You punch the centaur!
You feel the power of Trog in you as your rage grows.
You kill the centaur!
Trog accepts your kill.
The centaur shoots an arrow.
The arrow completely misses you.
You punch the centaur! Your bite misses the centaur.
The centaur shoots an arrow.
The arrow hits you but does no damage. The centaur barely misses you.
You hit the centaur.
The cyclops throws a large rock.
The large rock hits you!!
You take 16 damage, and have 55/93 hp.
You now have 7/12 mp.
You punch the centaur!
You kill the centaur!
Trog accepts your kill.
Your Unarmed Combat skill increases to level 10!
The centaur shoots an arrow.
The arrow misses you.
The centaur shoots an arrow.
The arrow closely misses you.
The cyclops throws a large rock.
The large rock misses you.
Things that are here:
a large rock {!d}; a runed shortbow; 26 arrows You feel a strong urge to attack something.
The centaur shoots an arrow.
The arrow hits you but does no damage.
Found a stone staircase leading up.
You see here an arrow.
You are no longer berserk.
You are exhausted.
You feel yourself slow down.
You now have 40/62 hp.
The centaur shoots an arrow.
The arrow hits you!
Found a stone staircase leading down.
You see here an arrow.
You take 3 damage, and have 37/62 hp.
You now have 7/12 mp.
The centaur shoots an arrow.
The arrow completely misses you.
You regained 2 hp, and now have 39/62 hp.
The centaur shoots an arrow.
The arrow closely misses you.
You regained 3 hp, and now have 42/62 hp.
The centaur shoots an arrow.
The arrow hits you!
The centaur shoots an arrow.
The arrow hits you but does no damage.
You see here 2 arrows.
You take 8 damage, and have 34/62 hp.
You now have 6/12 mp.
The centaur shoots an arrow.
The arrow closely misses you.
The centaur shoots an arrow.
The arrow completely misses you.
There is a stone staircase leading up here.
The centaur shoots an arrow.
The arrow closely misses you.
The centaur shoots an arrow.
The arrow hits you but does no damage.
You climb upwards.
You hear a distant snort.
Hark!
There is an entrance to a minotaur's labyrinth on this level.
Find the entrance quickly before the gate is sealed!
There is a stone staircase leading down here.
You regained 6 hp, and now have 40/62 hp.
You start resting.
Eating one of 9 chunks of flesh {@w0}.
This raw flesh tastes great.
You feel the effects of Trog's Hand fading.
You continue eating. x2
You regained 8 hp, and now have 48/62 hp.
Your skin stops crawling.
You feel less resistant to hostile enchantments.
There is a stone staircase leading down here.
A white ugly thing comes into view.
The white ugly thing gurgles horribly!
You regained 8 hp, and now have 56/62 hp.
A giant frog skeleton comes into view.
The white ugly thing gores you but does no damage.
An eye of draining comes into view.
The eye of draining turns its gaze towards you.
You hit the white ugly thing but do no damage.
Your bite misses the white ugly thing.
The white ugly thing gores you but does no damage.
The eye of draining gazes at you.
You feel your power leaking away.
You now have 7/12 mp.
You punch the white ugly thing! You bite the white ugly thing.
You drain its power.
You feel invigorated. The white ugly thing gores you!
The white ugly thing freezes you!! The white ugly thing gores you.
The white ugly thing freezes you!!
You die...

## .G. ##.. .(...
#....#######
#.u@....#
#######.#######...
..[......>.....#
##########.####..
#.# #.# #.# #.#
#..


You could see a white ugly thing and an eye of draining.

Vanquished Creatures
  2 centaur warriors (D:13)
  A centaur zombie (D:10)
  Maurice (D:8)
  2 kobold demonologists (D:13)
  A two-headed ogre (D:10)
  2 trolls
  Prince Ribbit (D:6)
  A deep elf mage (D:10)
  A deep elf fighter (D:8)
  5 yaks (D:13)
  A vampire mosquito (D:7)
  2 wyverns (D:10)
  2 hungry ghosts
  3 ice beasts
  2 sky beasts
  5 black bears
  8 ogres
  A necrophage (D:8)
  8 orc warriors
  A phantom (D:4)
  A wasp (D:8)
  5 centaurs
  4 giant frogs
  A wyvern zombie (D:9)
  3 killer bees
  A scorpion (D:6)
  9 wights
  An electric eel (D:7)
  A crimson imp (D:6)
  A gnoll shaman (D:6)
  3 orc priests
  11 orc wizards
  A giant frog skeleton (D:5)
  Crazy Yiuf (D:2)
  5 hounds
  Jessica (D:3)
  7 worker ants
  Natasha (thrice) (D:3)
  2 iguanas
  A killer bee zombie (D:10)
  A hound skeleton (D:8)
  A river rat (D:8)
  A worker ant zombie (D:7)
  13 gnolls
  10 adders
  6 shadow imps
  An adder zombie (D:6)
  2 adder skeletons
  5 worms
  6 giant geckos
  68 orcs
  25 bats
  21 hobgoblins
  13 kobolds
  4 giant cockroaches
  A giant gecko skeleton (D:4)
  3 giant newts
  29 goblins
  A quokka (D:2)
  A quokka skeleton (D:9)
  14 rats
  A fungus (D:2)
339 creatures vanquished.

Notes
Turn   | Place    | Note
--------------------------------------------------------------
     0 | D:1      | esc the Vine Stalker Berserker began the quest for the Orb.
     0 | D:1      | Reached XP level 1. HP: 11/11 MP: 2/2
    79 | D:1      | Reached XP level 2. HP: 14/16 MP: 3/3
   105 | D:1      | Reached skill level 3 in Fighting
   198 | D:1      | Acquired Trog's second power
   299 | D:1      | Reached skill level 2 in Armour
   326 | D:1      | Reached XP level 3. HP: 17/20 MP: 4/4
   496 | D:2      | Found a basalt altar of Yredelemnul.
   573 | D:2      | Found a bloodstained altar of Trog.
   592 | D:2      | Reached skill level 5 in Fighting
   592 | D:2      | Reached skill level 4 in Armour
   592 | D:2      | Reached skill level 4 in Dodging
   592 | D:2      | Reached skill level 6 in Unarmed Combat
   592 | D:2      | Reached XP level 4. HP: 21/28 MP: 5/5
   747 | D:2      | Found a white marble altar of Elyvilon.
   821 | D:2      | Found a deep blue altar of Sif Muna.
  1151 | D:2      | Gained mutation: You are covered in fur (AC +1). [potion of beneficial mutation]
  1152 | D:2      | Gained mutation: You possess an exceptional clarity of mind. [potion of beneficial mutation]
  1330 | D:2      | Noticed Crazy Yiuf
  1336 | D:2      | Killed Crazy Yiuf
  1336 | D:2      | Reached XP level 5. HP: 32/32 MP: 3/6
  1444 | D:3      | Noticed Jessica
  1450 | D:3      | Killed Jessica
  1509 | D:3      | Noticed Natasha
  1516 | D:3      | HP: 6/32 [Natasha (7)]
  1517 | D:3      | Killed Natasha
  1784 | D:3      | Gained mutation: You heal very quickly. [Vine Stalker growth]
  1784 | D:3      | Reached XP level 6. HP: 31/36 MP: 4/7
  1961 | D:3      | Noticed Natasha
  1963 | D:3      | Killed Natasha
  2030 | D:3      | Noticed Natasha
  2037 | D:3      | Killed Natasha
  2416 | D:4      | Reached skill level 5 in Armour
  2416 | D:4      | Reached skill level 5 in Dodging
  2470 | D:4      | Reached skill level 6 in Fighting
  2481 | D:4      | Got a scintillating copper ring
  2482 | D:4      | Identified the ring of Compulsion {Ice +Blink Int+7 Slay-4} (You found it on level 4 of the Dungeon)
  2617 | D:4      | Reached XP level 7. HP: 40/40 MP: 8/8
  2659 | D:4      | Found a shadowy altar of Dithmenos.
  2660 | D:4      | Found a burning altar of Makhleb.
  2710 | D:4      | Found an opulent altar of Gozag.
  2719 | D:5      | Entered Level 5 of the Dungeon
  2757 | D:5      | Found a glowing golden altar of the Shining One.
  2796 | D:5      | Acquired Trog's third power
  3043 | D:5      | Gained mutation: You have razor-sharp teeth. [Vine Stalker growth]
  3043 | D:5      | Reached XP level 8. HP: 43/45 MP: 9/9
  3051 | D:5      | Reached skill level 7 in Unarmed Combat
  3221 | D:5      | Found a snail-covered altar of Cheibriados.
  3309 | D:5      | Gained mutation: You are resistant to hostile enchantments. [potion of beneficial mutation]
  3670 | D:6      | Found Ziehi's Gadget Shoppe.
  3722 | D:6      | Found a sparkling altar of Nemelex Xobeh.
  3750 | D:6      | Noticed Prince Ribbit
  3758 | D:6      | Killed Prince Ribbit
  3770 | D:6      | Reached XP level 9. HP: 47/49 MP: 10/10
  3792 | D:6      | Reached skill level 7 in Fighting
  3803 | D:6      | Reached skill level 6 in Dodging
  4016 | D:6      | Reached skill level 6 in Armour
  4281 | D:7      | Found a flagged portal.
  4294 | Bailey   | Entered a bailey
  4394 | Bailey   | Received a gift from Trog
  4448 | Bailey   | Reached skill level 8 in Unarmed Combat
  4654 | Bailey   | Noticed an orc knight
  4654 | Bailey   | Noticed an orc warlord
  4764 | D:7      | Found a bloodstained altar of Trog.
  4790 | D:7      | Found a staircase to the Ecumenical Temple.
  5132 | D:7      | Reached XP level 10. HP: 55/55 MP: 11/11
  5359 | D:7      | HP: 14/56 [something (5)]
  5451 | D:7      | HP: 13/56 [ogre/giant spiked club (27)]
  5663 | D:8      | Noticed Maurice
  5672 | D:8      | Killed Maurice
  5834 | D:8      | Reached skill level 7 in Dodging
  5903 | D:8      | Found a staircase to the Lair.
  5909 | D:8      | Reached skill level 8 in Fighting
  5941 | D:8      | Found a stormy altar of Qazlal.
  6228 | D:8      | Found a blossoming altar of Fedhas.
  6332 | D:8      | Found a radiant altar of Vehumet.
  6408 | D:9      | Reached skill level 9 in Unarmed Combat
  6622 | D:9      | Reached skill level 7 in Armour
  6769 | D:9      | Found a shimmering altar of Xom.
  6771 | D:9      | Found a shattered altar of Ashenzari.
  6924 | D:9      | Found a glowing silver altar of Zin.
  6962 | D:9      | Found a sparkling altar of Nemelex Xobeh.
  7163 | D:10     | Entered Level 10 of the Dungeon
  7398 | D:10     | Reached XP level 11. HP: 56/60 MP: 12/12
  7549 | D:10     | Found Xoukhli's Antique Armour Emporium.
  7570 | D:10     | Bought a pair of embroidered gloves for 121 gold pieces
  7570 | D:10     | Bought a runed leather armour for 54 gold pieces
  7820 | D:10     | You fall through a shaft for 3 floors!
  7837 | D:13     | Noticed a centaur warrior
  7988 | D:13     | Noticed a centaur warrior
  7996 | D:13     | Killed a centaur warrior
  8062 | D:13     | Reached skill level 8 in Dodging
  8071 | D:13     | Noticed a centaur warrior
  8077 | D:13     | Killed a centaur warrior
  8077 | D:13     | Received a gift from Trog
  8077 | D:13     | Reached skill level 9 in Fighting
  8088 | D:13     | Reached skill level 10 in Unarmed Combat
  8113 | D:12     | Mangled by a white ugly thing

Vault maps used:
D:1:      ncdulo_smallfort
D:2:      old_standard_altar, lemuel_coloured_pillars_altar,
          lemuel_blue_sif_altar, first_bread, yredelemnul_altar_generic,
          uniq_crazy_yiuf_cottage
D:3:      kennysheep_potato, uniq_natasha, uniq_jessica
D:4:      kennysheep_mini, gammafunk_temple_overflow_statue
D:5:      cheibriados_altar_wand_db, tso_metal_star
D:6:      serial_shops, shop_statue, lemuel_statue_altar, uniq_prince_ribbit1
D:7:      kennysheep_big_flooded_room, temple_pool_b, enter_bailey_3,
          enter_ossuary_2, grunt_ogre_cave, trog_ov_bears_minmay
D:8:      fedhas_altar_fruit_tree, nicolae_overflow_hidden_temple,
          kennysheep_mini_moat, grunt_lair_entry_elf_guard_hut, uniq_maurice
D:9:      lemuel_round_altar, zin_scriptorium, ashenzari_conservatory_becter,
          nemelex_deck
D:10:     serial_shops, shop
D:11:     serial_shops, shop
D:12:     erik_orc_3, serial_shops, shop, shop, nicolae_shop_stone, shop,
          shop_coins, lab_entry_generic, uniq_maud, uniq_erolcha, uniq_psyche
D:13:     david_vaults_4
Bailey:   bailey_axe_minmay_hex_keep, bailey

Action                   |  1- 3 |  4- 6 |  7- 9 | 10-12 || total
-------------------------+-------+-------+-------+-------++-------
Melee: Unarmed           |    75 |   160 |   409 |   374 ||  1018
Invok: Berserk           |     1 |     4 |     1 |     4 ||    10
       Trog's Hand       |       |       |     5 |     3 ||     8
       Burn Spellbooks   |       |       |       |     2 ||     2
Evoke: Wand              |       |       |       |     3 ||     3
  Use: Scroll            |     6 |    11 |     3 |    11 ||    31
       Potion            |     1 |     2 |     1 |       ||     4
 Stab: Sleeping          |     2 |     2 |       |       ||     4
  Eat: Chunk             |       |    11 |    39 |    15 ||    65

Vault maps used:
D:1:      ncdulo_smallfort
D:2:      old_standard_altar, lemuel_coloured_pillars_altar,
          lemuel_blue_sif_altar, first_bread, yredelemnul_altar_generic,
          uniq_crazy_yiuf_cottage
D:3:      kennysheep_potato, uniq_natasha, uniq_jessica
D:4:      kennysheep_mini, gammafunk_temple_overflow_statue
D:5:      cheibriados_altar_wand_db, tso_metal_star
D:6:      serial_shops, shop_statue, lemuel_statue_altar, uniq_prince_ribbit1
D:7:      kennysheep_big_flooded_room, temple_pool_b, enter_bailey_3,
          enter_ossuary_2, grunt_ogre_cave, trog_ov_bears_minmay
D:8:      fedhas_altar_fruit_tree, nicolae_overflow_hidden_temple,
          kennysheep_mini_moat, grunt_lair_entry_elf_guard_hut, uniq_maurice
D:9:      lemuel_round_altar, zin_scriptorium, ashenzari_conservatory_becter,
          nemelex_deck
D:10:     serial_shops, shop
D:11:     serial_shops, shop
D:12:     erik_orc_3, serial_shops, shop, shop, nicolae_shop_stone, shop,
          shop_coins, lab_entry_generic, uniq_maud, uniq_erolcha, uniq_psyche
D:13:     david_vaults_4
Bailey:   bailey_axe_minmay_hex_keep, bailey

Table legend:
 A = Turns spent in this place as a percentage of turns spent in the entire game.
 B = Non-inter-level travel turns spent in this place as a percentage of non-inter-level travel turns spent in the entire game.
 C = Inter-level travel turns spent in this place as a percentage of turns spent in this place.
 D = Turns resting spent in this place as a percentage of non-inter-level travel turns spent in this place.
 E = Turns spent auto-exploring this place as a percentage of non-inter-level travel turns spent in this place.
 F = Non-inter-level travel turns spent in this place divided by the number of levels of this place that you've seen.
                   A       B       C       D       E      F
               +-------+-------+-------+-------+-------+----------------------
         Total | 100.0 | 100.0 |   0.4 |   1.0 |   7.9 | 210.8
       Dungeon |  91.0 |  91.0 |   0.4 |   1.1 |   8.4 | 206.5
        Bailey |   9.0 |   9.0 |   0.0 |   0.0 |   2.3 | 266.0
               +-------+-------+-------+-------+-------+----------------------

Table legend:
 A = Kills in this place as a percentage of kills in entire the game.
 B = Kills by you in this place as a percentage of kills by you in the entire game.
 C = Kills by friends in this place as a percentage of kills by friends in the entire game.
 D = Other kills in this place as a percentage of other kills in the entire game.
 E = Experience gained in this place as a percentage of experience gained in the entire game.
 F = Experience gained in this place divided by the number of levels of this place that you have seen.
                   A       B       C       D       E      F
               +-------+-------+-------+-------+-------+----------------------
         Total | 100.0 | 100.0 |  -nan |  -nan | 100.0 | 1062.6
       Dungeon |  84.0 |  84.0 |  -nan |  -nan |  94.9 | 1086.0
        Bailey |  16.0 |  16.0 |  -nan |  -nan |   5.1 | 759.0
               +-------+-------+-------+-------+-------+----------------------
